 Dungeon Sprint DCSS version 0.29-a0-775-g4d7333d4e2 (webtiles) character file.

Game seed: 6595006774864498371

12953 mhtbhm the Ninja (level 11, -14/54 HPs)
             Began as a Spriggan Enchanter on July 2, 2022.
             Was the Champion of Dithmenos.
             Demolished by a dire elephant (32 damage)
             ... in the Dungeon (Sprint III: "The Ten Rune Challenge").
             The game lasted 00:08:48 (1515 turns).

mhtbhm the Ninja (Spriggan Enchanter)               Turns: 1515, Time: 00:08:49

Health: -14/54     AC:  2    Str:  4    XL:     11   Next: 69%
Magic:  19/29      EV: 25    Int: 16    God:    Dithmenos [******]
Gold:   150        SH:  0    Dex: 21    Spells: 20/37 levels left

rFire   . . .      SeeInvis +   a - +1 dagger
rCold   . . .      Faith    .   (no shield)
rNeg    . . .      Spirit   .   b - +0 robe
rPois   .          Reflect  .   (helmet restricted)
rElec   .          Harm     .   (no cloak)
rCorr   .          Rampage  .   (gloves unavailable)
Will    +....      NoTele   +   (boots unavailable) Stlth *********+
                                (no amulet)
HPRegen 0.18/turn               (no ring)
MPRegen 0.21/turn               (no ring)

@: wreathed by umbra, very quick
A: very small, no large weapons, unfitting armour, see invisible, speed 3
a: Renounce Religion, Shadow Step, Shadow Form


You were in the Dungeon.
You worshipped Dithmenos.
Dithmenos was exalted by your worship.
You visited 1 branch You collected 150 gold pieces.

Inventory:

Hand Weapons
 a - a +1 dagger (weapon)
Missiles
 c - 6 curare-tipped darts (quivered)
Armour
 b - a +0 robe (worn)
Scrolls
 e - a scroll of immolation {unknown}
 j - 2 scrolls of identify {unknown}
 l - a scroll of poison {unknown}
Potions
 d - a potion of curing
 f - a potion of haste
 g - 2 potions of magic
 h - 2 potions of berserk rage
 k - 3 potions of flight
 m - 5 potions of mutation
 o - a potion of might
 p - a potion of heal wounds
Miscellaneous
 q - a condenser vane


   Skills:
 + Level 4.7 Fighting
 + Level 11.2 Short Blades
 + Level 0.7 Throwing
 + Level 9.6 Dodging
 O Level 27 Stealth
 + Level 13.6 Spellcasting
 + Level 2.1 Conjurations
 + Level 14.6 Hexes
 + Level 1.2 Necromancy
 + Level 2.2 Translocations
 + Level 3.7 Ice Magic
 * Level 5.9 Invocations
 + Level 7.3 Evocations


You had 20 spell levels left.
You knew the following spells:

 Your Spells              Type           Power      Damage    Failure   Level
a - Ensorcelled Hibernat  Hex/Ice        80%        N/A       1%          2
b - Confusing Touch       Hex            55%        N/A       1%          3
c - Tukima's Dance        Hex            55%        N/A       1%          3
d - Dazzling Flash        Conj/Hex       74%        N/A       1%          3
e - Anguish               Hex/Necr       18%        N/A       2%          4
f - Blink                 Tloc           36%        N/A       3%          2

Your spell library contained the following spells:

 Spells                   Type           Power      Damage    Failure   Level
 Spider Form              Tmut/Pois      10%        N/A       19%         3
 Manifold Assault         Tloc           18%        N/A       56%         5
 Storm Form               Tmut/Air       5%         N/A       100%        7


Dungeon Overview and Level Annotations

Branches:
Dungeon (1/1)

Altars:
Cheibriados
Dithmenos
Elyvilon
Fedhas
Gozag
Hepliaklqana
Kikubaaqudgha
Makhleb
Nemelex Xobeh
Okawaru
Qazlal
Ru
Sif Muna
Trog
Uskayaw
Vehumet
Wu Jian
Xom
Yredelemnul
Zin
The Shining One
Beogh
Jiyva
Lugonu

Shops:
D =[[?*?=*(:!

Annotations:
D exclusion: orange crystal statue, Gastronok


Innate Abilities, Weirdness & Mutations

You are very small and have problems with some larger weapons.
You are too small for most types of armour.
You have supernaturally acute eyesight. (SInv)
You cover ground extremely quickly. (Speed+++)


Message History

You stumble backwards!
Unknown command.
Unknown command.
Unknown command.
You hit the dire elephant.
You punch the dire elephant, but do no damage.
The dire elephant is lightly wounded.
Your shadow hits the dire elephant but does no damage.
The elephant tramples the plant!!
The plant begins to die.
The elephant trunk-slaps the plant.
The dire elephant completely misses you.
The dire elephant closely misses you.
Unknown command.
You hit the dire elephant but do no damage.
Unknown command.
You hit the dire elephant but do no damage.
A nearby plant withers and dies.
The elephant tramples the plant!
The elephant trunk-slaps the plant.
The dire elephant closely misses you. The dire elephant barely misses you.
You hit the dire elephant but do no damage.
Something bites the plant!!
Unknown command.
You catch the helpless dire elephant completely off-guard!
You skewer the dire elephant like a kebab!!!
The dire elephant is heavily wounded.
The elephant is no longer blind.
The dire elephant tramples you!!
Ouch! That really hurt!
You emit a cloud of dark smoke.
You hold your ground!
The dire elephant closely misses you.
Unknown command.
You hit the dire elephant but do no damage.
The dire elephant is heavily wounded.
Your shadow hits the dire elephant with a dagger.
The dire elephant trumpets!
You hit the dire elephant but do no damage.
The dire elephant is heavily wounded.
The dire elephant is no longer blind.
Something tramples the plant.
Something trunk-slaps the plant.
The dire elephant tramples you!!
Ouch! That really hurt!
You die...

▓#.####.##..###.÷.'.⌠..
▓.###..##..####...#...#
▓#.....##..###....#.⌠.#
###†.##†..##.....#...#
##..##....#......#'###
#..###..##.#.....#.).#
#(.# #..#####....#___#
▓▓▓▓▓▓▓▓▓▓▓▓▓▓▓▓▓▓▓▓▓▓
▓.YYY@§§..≈≈≈≈♣♣.....♣
▓..P#§§§§§§≈.≈♣♣.≈≈≈≈'
▓...#§§≈§§§..≈≈'.....#
▓..w#≈≈≈§§≈≈≈≈♣♣♣♣♣♣♣#
▓..[#(≈†≈≈†.≈.♣ #
▓##+####'#######♣ ♣♣
▓...........)...♣ ♣†
▓#+#############+ ♣♣ ♣


You could see a dire elephant and an elephant (blind).

Vanquished Creatures
  Rupert (D)
  Dowan (D)
  A dire elephant (D)
  Josephine (D)
  A centaur warrior (D)
  Urug (D)
  A lindwurm (D)
  A deep elf pyromancer (D)
  2 cane toads (D)
  Duvessa (D)
  A komodo dragon (D)
  A rime drake (D)
  2 unseen horrors (D)
  3 wandering mushrooms (D)
  A queen bee (D)
  2 tyrant leeches (D)
  5 blink frogs (D)
  2 orc high priests (D)
  A shadow (D)
  3 redbacks (D)
  A spatial vortex (D)
  A swamp drake (D)
  An earth elemental (D)
  2 centaurs (D)
  A necrophage (D)
  A water elemental (D)
  32 killer bees (D)
  2 orc priests (D)
  A jelly (D)
  Jessica (D)
  A wizard (D)
  A necromancer (D)
  3 humans (D)
  A kobold demonologist (D)
  A phantom (D)
  3 rats (D)
85 creatures vanquished.

Vanquished Creatures (others)
  7 plants (D)
7 creatures vanquished.

Grand Total: 92 creatures vanquished

Notes
Turn   | Place    | Note
-------+----------+-------------------------------------------
     0 | D        | mhtbhm the Spriggan Enchanter began the quest for the Orb.
     0 | D        | Reached XP level 1. HP: 9/9 MP: 5/5
    23 | D        | Noticed Jessica
    31 | D        | Killed Jessica
    32 | D        | Reached skill level 6 in Stealth
    32 | D        | Reached skill level 5 in Hexes
    32 | D        | Reached XP level 2. HP: 8/13 MP: 5/7
    38 | D        | Learned a level 2 spell: Ensorcelled Hibernation
   196 | D        | Reached XP level 3. HP: 16/16 MP: 9/9
   200 | D        | Learned a level 3 spell: Confusing Touch
   204 | D        | Learned a level 3 spell: Tukima's Dance
   216 | D        | Reached skill level 7 in Stealth
   240 | D        | Noticed a water elemental
   243 | D        | Killed a water elemental
   244 | D        | Reached skill level 8 in Stealth
   244 | D        | Reached XP level 4. HP: 21/21 MP: 9/11
   248 | D        | Learned a level 3 spell: Dazzling Flash
   270 | D        | Found a shadowy altar of Dithmenos.
   270 | D        | Noticed a necrophage
   271 | D        | Found a basalt altar of Yredelemnul.
   271 | D        | Found a sacrificial altar of Ru.
   273 | D        | Reached skill level 9 in Stealth
   273 | D        | Killed a necrophage
   274 | D        | Reached skill level 1 in Fighting
   274 | D        | Reached skill level 5 in Dodging
   274 | D        | Reached skill level 10 in Stealth
   274 | D        | Reached skill level 5 in Spellcasting
   274 | D        | Reached XP level 5. HP: 25/25 MP: 11/13
   277 | D        | Became a worshipper of Dithmenos the Shadowed
   294 | D        | Found a hide-covered altar of Uskayaw.
   294 | D        | Found an iron altar of Okawaru.
   295 | D        | Found a bloodstained altar of Trog.
   295 | D        | Found an ornate altar of the Wu Jian Council.
   295 | D        | Noticed a human
   295 | D        | Noticed a human
   297 | D        | Killed a human
   298 | D        | Reached skill level 12 in Stealth
   298 | D        | Reached XP level 6. HP: 30/30 MP: 13/15
   298 | D        | Killed a human
   299 | D        | Reached skill level 13 in Stealth
   299 | D        | Reached skill level 10 in Hexes
   311 | D        | Found a glowing silver altar of Zin.
   312 | D        | Found a glowing golden altar of the Shining One.
   312 | D        | Found a white marble altar of Elyvilon.
   312 | D        | Noticed a deep elf pyromancer
   314 | D        | Killed a deep elf pyromancer
   314 | D        | Reached * piety under Dithmenos
   315 | D        | Reached skill level 15 in Stealth
   315 | D        | Reached XP level 7. HP: 35/35 MP: 15/18
   335 | D        | Found a radiant altar of Vehumet.
   336 | D        | Found a shimmering blue altar of Sif Muna.
   336 | D        | Found an ancient bone altar of Kikubaaqudgha.
   363 | D        | Learned a level 4 spell: Anguish
   366 | D        | Learned a level 2 spell: Blink
   378 | D        | Noticed a shadow
   380 | D        | Killed a shadow
   380 | D        | Reached ** piety under Dithmenos
   381 | D        | Reached skill level 16 in Stealth
   381 | D        | Reached XP level 8. HP: 39/39 MP: 19/19
   387 | D        | Found a blossoming altar of Fedhas.
   387 | D        | Found a stormy altar of Qazlal.
   387 | D        | Found a snail-covered altar of Cheibriados.
   387 | D        | Found a burning altar of Makhleb.
   387 | D        | Found a shimmering altar of Xom.
   388 | D        | Found a hazy altar of Hepliaklqana.
   388 | D        | Found an opulent altar of Gozag.
   388 | D        | Found a sparkling altar of Nemelex Xobeh.
   388 | D        | Found a corrupted altar of Lugonu.
   388 | D        | Found a viscous altar of Jiyva.
   407 | D        | Noticed Josephine
   410 | D        | Killed Josephine
   411 | D        | Reached skill level 10 in Short Blades
   411 | D        | Reached skill level 18 in Stealth
   467 | D        | Reached *** piety under Dithmenos
   522 | D        | Noticed a centaur warrior
   525 | D        | Reached skill level 19 in Stealth
   525 | D        | Reached skill level 1 in Evocations
   525 | D        | Reached XP level 9. HP: 44/44 MP: 21/21
   526 | D        | Killed a centaur warrior
   527 | D        | Reached skill level 20 in Stealth
   539 | D        | Noticed an unseen horror
   539 | D        | Noticed an unseen horror
   541 | D        | Killed an unseen horror
   541 | D        | Reached **** piety under Dithmenos
   542 | D        | Reached skill level 21 in Stealth
   543 | D        | Killed an unseen horror
   551 | D        | Noticed a wandering mushroom
   555 | D        | Noticed a wandering mushroom
   557 | D        | Noticed a wandering mushroom
   562 | D        | Killed a wandering mushroom
   571 | D        | Killed a wandering mushroom
   572 | D        | Reached skill level 22 in Stealth
   579 | D        | Killed a wandering mushroom
   579 | D        | Reached ***** piety under Dithmenos
   606 | D        | Noticed a cane toad
   606 | D        | Noticed a komodo dragon
   606 | D        | Noticed a cane toad
   609 | D        | Killed a cane toad
   610 | D        | Reached skill level 23 in Stealth
   610 | D        | Reached XP level 10. HP: 48/49 MP: 20/24
   621 | D        | Killed a cane toad
   622 | D        | Reached skill level 5 in Evocations
   641 | D        | Reached skill level 24 in Stealth
   648 | D        | Noticed a lindwurm
   651 | D        | Killed a lindwurm
   652 | D        | Reached skill level 10 in Spellcasting
   652 | D        | Reached skill level 1 in Ice Magic
   658 | D        | Reached ****** piety under Dithmenos
   659 | D        | Noticed Urug
   661 | D        | Killed Urug
   662 | D        | Reached skill level 25 in Stealth
   725 | D        | Reached skill level 1 in Conjurations
   726 | D        | Reached skill level 26 in Stealth
   726 | D        | Reached XP level 11. HP: 53/53 MP: 25/27
   727 | D        | Reached skill level 27 in Stealth
   789 | D        | Noticed Dowan
   789 | D        | Noticed Duvessa
   799 | D        | Killed Dowan
  1041 | D        | Killed Duvessa
  1042 | D        | Reached skill level 1 in Invocations
  1235 | D        | Noticed an orange crystal statue
  1248 | D        | Found Moluag's Assorted Antiques.
  1248 | D        | Found Afogowne's Jewellery Shop.
  1248 | D        | Found Declikh's Antique Armour Boutique.
  1248 | D        | Found Esahoy's Distillery.
  1248 | D        | Found Baem's Magic Scroll Boutique.
  1248 | D        | Found Jurghi's Magic Scroll Emporium.
  1248 | D        | Found Wokeih's Antique Armour Shoppe.
  1248 | D        | Found Uxzoej's Book Shop.
  1248 | D        | Found Nugg's Jewellery Shop.
  1248 | D        | Found Noir's Antique Weapon Emporium.
  1248 | D        | Found Donac's General Store.
  1393 | D        | Reached skill level 1 in Translocations
  1410 | D        | Reached skill level 1 in Necromancy
  1413 | D        | Noticed Rupert
  1415 | D        | Killed Rupert
  1416 | D        | Reached skill level 5 in Invocations
  1497 | D        | Noticed a dire elephant
  1497 | D        | Noticed a dire elephant
  1497 | D        | Noticed Gastronok
  1505 | D        | Killed a dire elephant
  1515 | D        | Demolished by a dire elephant

Illustrated notes

Levels and vault maps discovered:
D:        dungeon_sprint_mu [sprint_mu_entry_cave, sprint_mu_temple_rooms,
          sprint_mu_d1_horrors, sprint_mu_d2_genie, sprint_mu_d3_branching,
          sprint_mu_orc_legion, sprint_mu_elf_gauntlet, sprint_mu_hive_nellie,
          sprint_mu_lair_fedhas, sprint_mu_vaults_butterflies,
          sprint_mu_slime_circle, sprint_mu_shoals_kraken,
          sprint_mu_snake_twists, sprint_mu_blade_basic,
          sprint_mu_crypt_chambers, sprint_mu_tomb_spiral,
          sprint_mu_vestibule_basic, sprint_mu_gehenna_hellfire,
          sprint_mu_dis_giant, sprint_mu_tartarus_statrot,
          sprint_mu_cocytus_islands, sprint_mu_zot1]

Skill      XL: |  1  2  3  4  5  6  7  8  9 10 11 |
---------------+----------------------------------+-----
Hexes          | 5 6 7 8 9 11 12 13 14 | 14.6
Dodging        | 3 4 5 6 7 8 9 |  9.6
Stealth        | 6 8 10 12 15 16 19 23 26 27 | 27.0
Spellcasting   | 3 4 5 6 7 9 11 13 | 13.6
Short Blades   | 3 4 6 8 10 11 | 11.2
Fighting       | 1 2 3 4 |  4.7
Evocations     | 1 4 6 7 |  7.3
Ice Magic      | 1 3 |  3.7
Conjurations   | 1 2 |  2.1
Invocations    | 5 |  5.9
Translocations | 2 |  2.2
Necromancy     | 1 |  1.2
Throwing       | |  0.7

Action                   |  1- 3 |  4- 6 |  7- 9 | 10-12 || total
-------------------------+-------+-------+-------+-------++-------
Melee: Dagger            |    25 |     5 |    44 |    78 ||   152
       Punch             |       |       |       |     4 ||     4
Throw: Dart              |       |       |       |     1 ||     1
 Cast: Ensorcelled Hiber |     1 |       |       |     4 ||     5
       Confusing Touch   |       |       |     5 |     2 ||     7
       Dazzling Flash    |       |       |       |     6 ||     6
       Blink             |       |       |       |     1 ||     1
       Anguish           |       |       |       |     1 ||     1
Invok: Shadow Step       |       |       |       |     5 ||     5
Evoke: Wand              |       |       |     8 |       ||     8
       Condenser vane    |       |       |     1 |     2 ||     3
  Use: Potion            |     1 |       |     1 |     1 ||     3
       Scroll            |       |       |       |     1 ||     1
 Stab: Sleeping          |     5 |     5 |    11 |    21 ||    42
       Confused          |       |       |     2 |     1 ||     3
       Invisible         |       |       |     2 |     6 ||     8
Armor: Robe              |     3 |       |     2 |     2 ||     7
Dodge: Dodged            |    12 |       |    15 |    23 ||    50

Table legend: (Time is in decaauts)
 A = Elapsed time spent in this place.
 B = Non-inter-level travel time spent in this place.
 C = Inter-level travel time spent in this place.
 D = Time resting spent in this place.
 E = Time spent auto-exploring this place.
 F = Levels seen in this place.
 G = Mean time per level.
                   A        B        C        D        E       F      G
               +--------+--------+--------+--------+--------+-----+--------+
         Total |   1234 |   1234 |      0 |    495 |    144 |   1 | 1234.0 |
       Dungeon |   1234 |   1234 |      0 |    495 |    144 |   1 | 1234.0 |
               +--------+--------+--------+--------+--------+-----+--------+

Top non-repeatable levels by time:
       D: 1234 daAuts
